AoeStats
← Abacaxi de Marataízes ^_~

Arena

504512237Analyzed
1v1 RM · 28d ago on Sep 5, 2026· 59m 30s· 2 players
Game mode
Random Map
Map size
Tiny (2 player)
Population
200
Speed
Normal
Resources
Standard
Victory
Conquest
Starting age
Dark Age
Ending age
Imperial Age
RankedLock teamsTeams togetherTeam positionsShared explorationLock speedFull tech treeHidden civsTurbo modeCheats
Victory
Defeat
🇺🇾 Sicilians · Uruguay
801
+17
🇧🇷 Inca · Brazil
827
-17
Muñeco1414
9:09 Loom
15:33 Feudal Age
20:03 Feudal Age
23:27 Fletching
23:45 Double-Bit Axe
36:09 Castle Age
36:09 Horse Collar
41:05 Crossbowman
45:20 Town Watch
47:36 Husbandry
49:04 Gold Mining
49:05 Stone Mining
49:13 Bodkin Arrow
53:32 Imperial Age
52:25 Gold Shaft Mining
52:27 Stone Shaft Mining
53:25 Wheelbarrow
54:23 Bracer
54:34 Forging
54:37 Cavalier
55:18 Husbandry
55:28 Bloodlines
Abacaxi de Marataízes ^_~
8:44 Feudal Age
14:27 Castle Age
18:46 Fletching
32:18 Double-Bit Axe
32:27 Stone Mining
48:27 Double-Bit Axe
Connection lost

Rejoining the realm…

Still unreachable

The connection could not be restored.

Session expired

The server has moved on; the page needs a fresh start.